 Dungeon Crawl Stone Soup version 0.27-a0-1191-g601b473118 (webtiles) character file.

Game seed: 2204234321304694134

158 Zonian the Covert (level 5, -2/36 HPs)
             Began as a Vampire Wanderer on May 24, 2021.
             Was a Follower of Makhleb.
             Slain by a black bear (5 damage)
             ... on level 4 of the Dungeon.
             The game lasted 00:04:37 (2450 turns).

Zonian the Covert (Vampire Wanderer)                Turns: 2450, Time: 00:04:38

Health: -2/36      AC:  4    Str: 16    XL:     5   Next: 16%
Magic:  5/5        EV: 11    Int: 13    God:    Makhleb [*.....]
Gold:   115        SH:  0    Dex: 11    Spells: 4/4 levels left

rFire    . . .     SeeInvis +   h - +1 short sword (drain)
rCold    . . .     Faith    .   (no shield)
rNeg     . . .     Spirit   .   f - +0 robe
rPois    .         Reflect  .   r - +1 hat {Will+}
rElec    .         Harm     .   (no cloak)
rCorr    .         Rampage  .   u - +0 pair of gloves
Will     +....                  (no boots)
Stlth    ++++......             (no amulet)
HPRegen  0.32/turn              (no ring)
MPRegen  0.09/turn              (no ring)

@: healing quickly
A: alive, fangs 3, see invisible, vampiric 2
a: Exsanguinate, Renounce Religion


You were on level 4 of the Dungeon.
You worshipped Makhleb.
Makhleb was aware of your devotion.
You visited 1 branch of the dungeon, and saw 4 of its levels.

You collected 115 gold pieces.

Inventory:

Hand Weapons
 a - a +2 dagger
 b - a +2 dagger of protection
 c - a +0 short sword
 e - a +0 dagger
 h - a +1 short sword of draining (weapon)
 i - a +0 whip of electrocution
Missiles
 d - 25 poisoned darts (quivered)
 m - 56 sling bullets
Armour
 f - a +0 robe (worn)
 r - a +1 hat of willpower (worn)
 u - a +0 pair of gloves (worn)
Scrolls
 g - a scroll of holy word {unknown}
 s - a scroll of brand weapon {unknown}
 t - 3 scrolls of identify {unknown}
 w - 2 scrolls of immolation
 x - a scroll of vulnerability {unknown}
Potions
 j - a potion of haste {unknown}
 k - a potion of might {unknown}
 l - a potion of curing {unknown}
 n - a potion of experience {unknown}
 o - a potion of ambrosia {unknown}
 p - a potion of attraction {unknown}
 q - a potion of flight {unknown}
Miscellaneous
 v - a piece from Xom's chessboard (15/15)


   Skills:
 + Level 0.6 Fighting
 + Level 4.5 Short Blades
 + Level 1.0 Throwing
 + Level 0.8 Dodging
 + Level 9.5 Stealth
 + Level 1.0 Evocations


You had 4 spell levels left.
You didn't know any spells.
Your spell library was empty.

Dungeon Overview and Level Annotations

Branches:
Dungeon (4/15)
 Temple: D:4-7

Altars:
Makhleb
Wu Jian
Xom

Shops:
D:1 [


Innate Abilities, Weirdness & Mutations

Your natural rate of healing is accelerated.
You have razor-sharp teeth.
You have supernaturally acute eyesight. (SInv)
You are afflicted with vampirism and can become a bat while bloodless.


Message History

You barely miss the black bear.
The black bear is heavily wounded.
The black bear barely misses you. The black bear claws you. x2
You barely miss the black bear.
The black bear is heavily wounded.
The black bear closely misses you.
The black bear claws you but does no damage.
The black bear claws you.
You hit the black bear. You drain the black bear.
The black bear is almost dead.
The black bear closely misses you. The black bear misses you.
The black bear claws you.
You hit the black bear but do no damage.
The black bear is almost dead.
The black bear goes berserk!
You hit the black bear. Your bite misses the black bear.
The black bear is almost dead.
The black bear bites you.
The black bear claws you but does no damage.
The black bear claws you.
* * * LOW HITPOINT WARNING * * *
You hit the black bear. You drain the black bear.
The black bear is almost dead.
The black bear bites you.
* * * LOW HITPOINT WARNING * * *
The black bear claws you but does no damage. x2
The black bear bites you.
* * * LOW HITPOINT WARNING * * *
The black bear closely misses you. The black bear claws you.
* * * LOW HITPOINT WARNING * * *
Okay, then.
You hit the black bear but do no damage.
The black bear is almost dead.
The black bear barely misses you. The black bear claws you.
* * * LOW HITPOINT WARNING * * *
The black bear closely misses you.
You hit the black bear. Your bite misses the black bear.
The black bear is almost dead.
The black bear bites you.
You die...

##.## ... ##.
#.[.. ...
#.... #..
#.#.# #..
##.#.#### #..
# #...h...#
#..
#.#>..@...#
#..
#.#.......###.
#..
#......:......
# #..
###.......####
#[ #..
#...........
#..###
#.......###.
#.###
#..###### #.
#..#. #..#
#.##### #..
#..#
#......###.


You could see a black bear (berserk, drained).

Vanquished Creatures
  2 hounds
  2 orc wizards (D:3)
  A worm (D:2)
  3 orcs (D:3)
  3 bats
  4 endoplasms
  A giant cockroach (D:2)
  4 goblins
  2 hobgoblins
  6 jackals
  5 kobolds
  A quokka (D:4)
  4 ball pythons
  2 frilled lizards
  A rat (D:3)
41 creatures vanquished.

Notes
Turn   | Place    | Note
-------+----------+-------------------------------------------
     0 | D:1      | Zonian the Vampire Wanderer began the quest for the Orb.
     0 | D:1      | Zonian set off with the following items: a +2 dagger, a
                  | potion of heal wounds, a +0 short sword, 9 poisoned darts,
                  | a +0 dagger, a +0 robe
     0 | D:1      | Reached XP level 1. HP: 13/13 MP: 1/1
   444 | D:1      | Found Toalum's Antique Armour Shop.
   461 | D:1      | Reached XP level 2. HP: 17/19 MP: 2/2
   733 | D:2      | Reached skill level 8 in Stealth
  1145 | D:2      | Found an ornate altar of the Wu Jian Council.
  1398 | D:3      | Gained mutation: You are afflicted with vampirism and can
                  | become a bat while bloodless. [Vampire growth]
  1398 | D:3      | Reached XP level 3. HP: 24/24 MP: 3/3
  1398 | D:3      | Found a shimmering altar of Xom.
  1676 | D:3      | HP: 1/24 [orc wizard/+2 dagger of protection (1)]
  1683 | D:3      | Reached skill level 9 in Stealth
  1683 | D:3      | Reached XP level 4. HP: 13/30 MP: 4/4
  2114 | D:3      | Found a faded altar of an unknown god.
  2129 | D:3      | Became a worshipper of Makhleb the Destroyer
  2129 | D:3      | Reached * piety under Makhleb
  2369 | D:4      | Reached XP level 5. HP: 36/36 MP: 5/5
  2431 | D:4      | Noticed a black bear
  2450 | D:4      | Slain by a black bear

Illustrated notes

Levels and vault maps discovered:
D:1:      amcnicky_arrival_choice, layout_rooms, serial_shops, shop,
          grunt_decor_cap
D:2:      layout_rooms, basic_altar
D:3:      layout_loops_corners, xom_butterflies,
          hellmonk_ecumenical_altar_blasted
D:4:      layout_loops_ring, temple_green

Skill      XL: |  1  2  3 |
---------------+----------+-----
Stealth        | 8 9 |  9.5
Short Blades   | 4 |  4.5
Fighting       | |  0.6
Throwing       | |  1.0
Dodging        | |  0.8
Evocations     | |  1.0

Action                   |  1- 3 |  4- 6 || total
-------------------------+-------+-------++-------
Melee: Short sword       |    48 |    50 ||    98
       Dagger            |     6 |       ||     6
       Bite              |     4 |     3 ||     7
  Use: Potion            |     1 |       ||     1
 Stab: Sleeping          |    14 |     4 ||    18
Armor: Robe              |     8 |    14 ||    22
Dodge: Dodged            |    21 |    27 ||    48

Table legend: (Time is in decaauts)
 A = Elapsed time spent in this place.
 B = Non-inter-level travel time spent in this place.
 C = Inter-level travel time spent in this place.
 D = Time resting spent in this place.
 E = Time spent auto-exploring this place.
 F = Levels seen in this place.
 G = Mean time per level.
                   A        B        C        D        E       F      G
               +--------+--------+--------+--------+--------+-----+--------+
         Total |   2438 |   2401 |     37 |    480 |   1541 |   4 |  609.5 |
       Dungeon |   2438 |   2401 |     37 |    480 |   1541 |   4 |  609.5 |
               +--------+--------+--------+--------+--------+-----+--------+

Top non-repeatable levels by time:
     D:3: 1107 daAuts
     D:1: 713 daAuts
     D:2: 487 daAuts
     D:4: 130 daAuts
